 Dungeon Sprint DCSS version 0.19.1 (webtiles) character file.

434 Kikal the Grappler (level 7, 0/67 HPs)
             Began as a Ghoul Monk on Dec 2, 2016.
             Slain by Sonja
             ... wielding a +0 short sword of draining
              (3 damage)
             ... in the Dungeon (Sprint I: "Red Sonja").
             The game lasted 00:03:46 (786 turns).

Kikal the Grappler (Ghoul Monk)                      Turns: 786, Time: 00:03:47

Health: 0/67       AC:  2    Str: 17    XL:     7   Next: 0%
Magic:  6/6        EV: 15    Int:  5    God:
Gold:   297        SH:  0    Dex: 11    Spells: 0 memorised, 6 levels left

rFire  . . .     SeeInvis .       - Unarmed
rCold  + . .     Gourm    .     a - +0 robe
rNeg   + + +     Faith    .     (no shield)
rPois  ∞         Spirit   .     (no helmet)
rElec  .         Reflect  .     (no cloak)
rCorr  .         Harm     .     (no gloves)
MR     .....     NoTele   +     (no boots)
Stlth  ++........               (no amulet)
                                (no ring)
                                (no ring)

@: very slightly contaminated, rotting, hasted, very quick
A: rotting body, claws 1, carnivore 3, cold resistance 1, negative energy
resistance 3, slow regeneration 1, torment resistance, unbreathing
a: no special abilities


You were in the Dungeon.
You were not hungry.

You visited 1 branch You collected 297 gold pieces.

Inventory:

Armour
 a - a +0 robe (worn)
Scrolls
 h - a scroll of blinking
Potions
 f - 2 potions of magic
 g - a potion of berserk rage
 i - a potion of might {unknown}
Comestibles
 b - a meat ration


   Skills:
 + Level 7.8 Fighting
 - Level 5.2 Armour
 - Level 7.4 Dodging
 - Level 2.1 Stealth
 + Level 10.1 Unarmed Combat


You had 6 spell levels left.
You didn't know any spells.

Dungeon Overview and Level Annotations

Branches:
Dungeon (1/1)

Altars:
Cheibriados
Dithmenos
Elyvilon
Fedhas
Gozag
Hepliaklqana
Kikubaaqudgha
Nemelex Xobeh
Okawaru
Qazlal
Ru
Sif Muna
Trog
Uskayaw
Vehumet
Yredelemnul
Zin
The Shining One

Shops:
D *

Annotations:
D Sonja


Innate Abilities, Weirdness & Mutations

Your body is rotting away.
You thrive on raw meat.
You are immune to poison.
You have sharp fingernails.
You are carnivorous and can eat meat at any time.
Your flesh is cold resistant. (rC+)
You are immune to negative energy. (rN+++)
You regenerate slowly when monsters are visible.
You are immune to unholy pain and torment.
You can survive without breathing.


Message History

* * * LOW HITPOINT WARNING * * *
Sonja hits you with an uncursed short sword of draining.
* * * LOW HITPOINT WARNING * * *
You are very lightly contaminated with residual magic.
You take 8 damage, and have 11/67 hp.
You closely miss Sonja.
Sonja is moderately wounded.
Sonja closely misses you. x2
Sonja hits you with an uncursed short sword of draining.
* * * LOW HITPOINT WARNING * * *
You take 3 damage, and have 8/67 hp.
Unknown command.
You scratch Sonja but do no damage.
Sonja is moderately wounded.
You barely miss Sonja.
Sonja is moderately wounded.
Sonja hits you with an uncursed short sword of draining.
* * * LOW HITPOINT WARNING * * *
Sonja hits you with an uncursed short sword of draining.
You die...

################
#<.#..').#.)'..#
#..'..#..'..#..+
#..#####'#####'#
#..####..#(..#.#
#..#__####..##.#
#..#_____##'#..+
#⌠⌠#_.∩...K@(._#
####_..__##_.#+#
#_____###'#
#########.##


+$($+ #$.$# ##(## #+# You could see Sonja.

Vanquished Creatures
  Sigmund (D)
  A yak (D)
  An ogre (D)
  A jelly (D)
  Ijyb (D)
5 creatures vanquished.

Notes
Turn   | Place    | Note
-------+----------+-------------------------------------------
     0 | D        | Kikal the Ghoul Monk began the quest for the Orb.
     0 | D        | Reached XP level 1. HP: 19/19 MP: 0/0
     2 | D        | Noticed Ijyb
    15 | D        | Killed Ijyb
    15 | D        | Reached skill level 5 in Fighting
    15 | D        | Reached skill level 5 in Unarmed Combat
    15 | D        | Reached XP level 2. HP: 19/29 MP: 1/1
    15 | D        | Reached XP level 3. HP: 23/36 MP: 2/2
   120 | D        | Noticed an ogre
   127 | D        | Killed an ogre
   127 | D        | Reached skill level 7 in Unarmed Combat
   127 | D        | Reached XP level 4. HP: 22/48 MP: 3/3
   373 | D        | Noticed Sigmund
   382 | D        | Killed Sigmund
   382 | D        | Reached skill level 5 in Armour
   382 | D        | Reached skill level 10 in Unarmed Combat
   382 | D        | Reached XP level 5. HP: 39/52 MP: 4/4
   382 | D        | Reached XP level 6. HP: 46/60 MP: 5/5
   486 | D        | Found a deep blue altar of Sif Muna.
   488 | D        | Found a radiant altar of Vehumet.
   628 | D        | Found Jodul's General Store.
   628 | D        | Found an ancient bone altar of Kikubaaqudgha.
   628 | D        | Found a hazy altar of Hepliaklqana.
   628 | D        | Found a stormy altar of Qazlal.
   628 | D        | Found a hide-covered altar of Uskayaw.
   628 | D        | Found a blossoming altar of Fedhas.
   628 | D        | Found a bloodstained altar of Trog.
   628 | D        | Found an iron altar of Okawaru.
   628 | D        | Found a basalt altar of Yredelemnul.
   628 | D        | Found a glowing golden altar of the Shining One.
   628 | D        | Found a snail-covered altar of Cheibriados.
   628 | D        | Found a sacrificial altar of Ru.
   628 | D        | Found a glowing silver altar of Zin.
   628 | D        | Found a shadowy altar of Dithmenos.
   628 | D        | Found a white marble altar of Elyvilon.
   628 | D        | Noticed a yak
   640 | D        | Killed a yak
   640 | D        | Reached XP level 7. HP: 25/64 MP: 6/6
   641 | D        | Found an opulent altar of Gozag.
   734 | D        | Found a sparkling altar of Nemelex Xobeh.
   761 | D        | Noticed Sonja
   786 | D        | HP: 3/67 [Sonja/uncursed short sword of draining (5)]
   786 | D        | Slain by Sonja

Skill      XL: |  1  2  3  4  5  6 |
---------------+-------------------+-----
Fighting       | 5 7 |  7.8
Unarmed Combat | 5 7 10 | 10.1
Armour         | 5 |  5.2
Dodging        | 7 |  7.4
Stealth        | |  2.1

Action                   |  1- 3 |  4- 6 |  7- 9 || total
-------------------------+-------+-------+-------++-------
Melee: Unarmed           |    17 |    21 |     9 ||    47
Throw: Javelin           |       |       |     7 ||     7
  Use: Potion            |     1 |       |     2 ||     3
 Stab: Sleeping          |     1 |       |     1 ||     2
  Eat: Chunk             |       |       |     4 ||     4
Armor: Robe              |     1 |       |     2 ||     3
Dodge: Dodged            |     7 |     9 |    15 ||    31
